 Dungeon Crawl Stone Soup version 0.30-a0-272-gf98c3da03f (webtiles) character file.

Game seed: 15625154039400553016

15171 purpskrrrp the Brawler (level 11, -1/117 HPs)
             Began as a Troll Berserker on Oct 15, 2022.
             Was a High Priest of Trog.
             Killed from afar by a manticore (11 damage)
             ... with a volley of spikes
             ... on level 12 of the Dungeon.
             The game lasted 00:25:49 (11210 turns).

purpskrrrp the Brawler (Troll Berserker)           Turns: 11210, Time: 00:25:49

Health: -1/117     AC: 12    Str: 36    XL:     11   Next: 98%
Magic:  10/10      EV: 11    Int:  3    God:    Trog [*****.]
Gold:   221        SH:  0    Dex: 19    Spells: 10/10 levels left

rFire   + . .      SeeInvis .      - Unarmed
rCold   . . .      Faith    .    (no shield)
rNeg    . . .      Spirit   .    H - +2 robe {Will+}
rPois   .          Reflect  .    (helmet restricted)
rElec   +          Harm     .    E - +2 cloak "Weryat" {*Slow Str+5 Dex+10}
rCorr   .          Rampage  .    (gloves unavailable)
Will    +....                    (boots unavailable)
Stlth   ++........               (no amulet)
HPRegen 1.19/turn                c - ring of protection from fire
MPRegen 0.12/turn                m - +4 ring of protection

@: spiked
A: large, unfitting armour, claws 3, regeneration 1, shaggy fur 1, tough skin 1,
hooves 1, horns 1, deformed body, electricity resistance
a: Renounce Religion, Berserk, Trog's Hand, Brothers in Arms


You were on level 12 of the Dungeon.
You worshipped Trog.
Trog was extremely pleased with you.
You visited 1 branch of the dungeon, and saw 12 of its levels.
You also visited: Bailey.

You collected 997 gold pieces.
You spent 776 gold pieces at shops.

Inventory:

Hand Weapons
 b - a +1 giant spiked club
 j - the +3 woodcutter's axe {vorpal}
   (You took it off a hobgoblin on level 4 of the Dungeon)

   It inflicts extra damage upon your enemies.
 v - a +1 executioner's axe of protection
Armour
 a - a +0 animal skin
 q - a +0 cloak
 w - a +0 hat
 E - the +2 cloak "Weryat" (worn) {*Slow Str+5 Dex+10}
   (You acquired it on level 1 of the Dungeon)

   Str:       It affects your strength (+5).
   Dex:       It affects your dexterity (+10).
   *Slow:     It may slow you when you take damage.
 H - a +2 robe of willpower (worn)
 I - a +0 robe of willpower
Jewellery
 c - a ring of protection from fire (left claw)
 g - a ring of protection from cold
 i - a ring of protection from fire
 m - a +4 ring of protection (right claw)
 s - a ring of positive energy
Wands
 n - a wand of roots (7)
 p - a wand of flame (6)
 C - a wand of quicksilver (8)
 F - a wand of charming (4)
Scrolls
 l - 4 scrolls of teleportation
 o - 3 scrolls of amnesia
 t - 2 scrolls of silence
 x - 3 scrolls of fear
 y - a scroll of torment
Potions
 d - 3 potions of curing
 e - 5 potions of brilliance
 f - 3 potions of ambrosia
 h - 3 potions of lignification
 k - 2 potions of magic
 A - 2 potions of invisibility
 D - a potion of resistance
 G - a potion of flight {unknown}


   Skills:
 + Level 9.9 Fighting
 - Level 2.4 Dodging
 * Level 15.9 Unarmed Combat


You had 10 spell levels left.
You didn't know any spells.
Your spell library contained the following spells:

 Spells                   Type           Power      Damage    Failure   Level
 Ignite Poison            Fire/Tmut/Pois 0%         N/A       88%         3
 Kindle Blastsparks       Fire/Tloc/Air  0%         2d10      88%         3
 Freezing Cloud           Conj/Ice/Air   0%         6-21      100%        5


Dungeon Overview and Level Annotations

Branches:
Dungeon (12/15)            Temple (0/1) D:5            Lair (0/5) D:10
 Bailey (visited)
    Orc: D:9-12

Altars:
Ashenzari
Cheibriados
Dithmenos
Elyvilon
Kikubaaqudgha
Nemelex Xobeh
Ru
Uskayaw
Vehumet
Xom
Yredelemnul
Zin

Shops:
D:1 ?   D:8 :   D:11 [

Portals:
Trove: D:11 (give 7 scrolls of fear)

Annotations:
D:4 2 runed translucent doors, Bediveer's ghost, amateur KoHu
D:7 1 runed translucent door, lunkers's ghost, novice MeWn


Innate Abilities, Weirdness & Mutations

You are too large for most types of armour.
You have claws for hands.
Your natural rate of healing is unusually fast.
You are covered in fur. (AC +1)
You have tough skin. (AC +1)
You have large cloven feet.
You have a pair of small horns on your head.
Armour fits poorly on your strangely shaped body.
You are resistant to electric shocks. (rElec)


Message History

The centaur warrior shoots an arrow.
The arrow hits you.
The centaur warrior shoots an arrow.
The arrow closely misses you.
The centaur warrior shoots an arrow.
The arrow barely misses you.
The manticore bites you but does no damage.
The manticore claws you but does no damage.
The manticore closely misses you.
The centaur warrior shoots an arrow.
The arrow hits you!!
* * * LOW HITPOINT WARNING * * *
The manticore flicks its tail.
The volley of spikes hits you!
The barbed spikes become lodged in your body.
* * * LOW HITPOINT WARNING * * *
You feel much better.
The centaur warrior shoots an arrow.
The arrow hits you but does no damage.
Your magical effects are unravelling.
You feel magically purged.
You feel yourself slow down.
You feel better. The manticore bites you!
* * * LOW HITPOINT WARNING * * *
The manticore claws you!
* * * LOW HITPOINT WARNING * * *
The manticore closely misses you.
The barbs in your skin will harm you if you move.
Continue?
The barbed spikes dig painfully into your body as you move.
* * * LOW HITPOINT WARNING * * *
The manticore attacks as you move away! The manticore bites you.
* * * LOW HITPOINT WARNING * * *
The manticore claws you.
* * * LOW HITPOINT WARNING * * *
The manticore barely misses you.
The barbed spikes dig painfully into your body as you move.
* * * LOW HITPOINT WARNING * * *
The manticore flicks its tail.
The volley of spikes hits you but does no damage.
The barbed spikes dig painfully into your body as you move.
* * * LOW HITPOINT WARNING * * *
The manticore flicks its tail.
The volley of spikes hits you!
The barbed spikes become lodged in your body.
You die...

#.o# .# #. ##.##
###.#####c.##
#.......##..###
##.......###...###...
.........# ##c.......
#.......# ##H###....
#.......###.........
#........@..####....
#.......##### ..
#.......# #.......#
#...[...# ####.####
#.# #### #.#
...###### #.#


You could see a manticore.

Vanquished Creatures
  An orc warlord (Bailey)
  A two-headed ogre (D:11)
  An orc knight (Bailey)
  Joseph (D:7)
  An unseen horror (D:10)
  A kobold demonologist (D:11)
  2 trolls
  Grinder (D:4)
  A slime creature (D:12)
  2 hornets
  Prince Ribbit (D:5)
  A shadow (D:10)
  2 wraiths (D:11)
  A water elemental (D:11)
  A wyvern (D:6)
  A steam dragon (D:9)
  Edmund (D:4)
  2 water moccasins
  An ice beast (D:4)
  11 orc warriors
  2 black bears
  An ogre (D:4)
  3 centaurs
  A phantom (D:5)
  3 kobold brigands
  A necrophage (D:6)
  4 scorpions
  2 bullfrogs
  A gnoll sergeant (D:6)
  4 wights (D:10)
  3 killer bees (D:8)
  3 howler monkeys
  A vampire bat (D:5)
  2 electric eels (D:11)
  2 quasits (D:4)
  A gnoll bouda (D:5)
  A hound (D:4)
  2 orc priests
  Crazy Yiuf (D:4)
  2 jellies
  Jessica (D:3)
  Natasha (twice) (D:4)
  5 iguanas
  An orc wizard (D:8)
  16 gnolls
  7 river rats (D:6)
  14 adders
  4 shadow imps
  7 white imps
  4 ufetubi (D:4)
  3 worms
  6 dart slugs
  41 orcs
  4 bat skeletons (D:5)
  3 bat zombies (D:5)
  2 endoplasms
  2 giant cockroaches
  15 goblins
  17 hobgoblins
  4 jackals (D:3)
  29 kobolds
  A quokka (D:1)
  4 ball pythons
  4 bats
  2 frilled lizards
  20 rats
292 creatures vanquished.

Vanquished Creatures (collateral kills)
  An orc warrior (Bailey)
  2 gnolls (Bailey)
  2 orcs (Bailey)
  A hobgoblin (Bailey)
6 creatures vanquished.

Vanquished Creatures (others)
  6 demonic plants (D:4)
6 creatures vanquished.

Grand Total: 304 creatures vanquished

Notes
Turn   | Place    | Note
-------+----------+-------------------------------------------
     0 | D:1      | purpskrrrp the Troll Berserker began the quest for the Orb.
     0 | D:1      | Reached XP level 1. HP: 22/22 MP: 0/0
   155 | D:1      | Reached XP level 2. HP: 29/29 MP: 1/1
   408 | D:1      | Found Hyumn's Magic Scroll Shoppe.
   417 | D:1      | Bought a scroll of identify for 20 gold pieces
   616 | D:2      | Reached XP level 3. HP: 31/36 MP: 2/2
   682 | D:2      | Found a faded altar of an unknown god.
   738 | D:2      | Reached skill level 4 in Unarmed Combat
   774 | D:2      | Reached XP level 4. HP: 45/45 MP: 3/3
   932 | D:2      | Reached ** piety under Trog
  1491 | D:3      | Reached skill level 5 in Unarmed Combat
  1498 | D:3      | Noticed Jessica
  1502 | D:3      | Killed Jessica
  1503 | D:3      | Reached XP level 5. HP: 53/53 MP: 4/4
  2173 | D:4      | Reached *** piety under Trog
  2320 | D:4      | Reached XP level 6. HP: 26/62 MP: 5/5
  2342 | D:4      | Reached skill level 6 in Unarmed Combat
  2464 | D:4      | Noticed Natasha
  2471 | D:4      | Killed Natasha
  2483 | D:4      | Noticed an ice beast
  2586 | D:4      | Reached XP level 7. HP: 50/70 MP: 6/6
  2663 | D:4      | Reached skill level 7 in Unarmed Combat
  2721 | D:4      | Found a large runed translucent door.
  2721 | D:4      | Noticed Edmund
  2723 | D:4      | Noticed Bediveer's ghost (amateur KoHu)
  2739 | D:4      | Killed Edmund
  2740 | D:4      | Found a large runed translucent door.
  2796 | D:4      | Noticed Grinder
  2800 | D:4      | Killed Grinder
  2801 | D:4      | Reached skill level 8 in Unarmed Combat
  2872 | D:4      | Found a runed translucent door.
  2873 | D:4      | Noticed Crazy Yiuf
  3152 | D:4      | Reached skill level 5 in Fighting
  3152 | D:4      | Reached XP level 8. HP: 61/80 MP: 7/7
  3683 | D:4      | Killed Crazy Yiuf
  3746 | D:5      | Entered Level 5 of the Dungeon
  3879 | D:5      | Found a staircase to the Ecumenical Temple.
  3927 | D:5      | Noticed Prince Ribbit
  3934 | D:5      | Killed Prince Ribbit
  3994 | D:5      | Reached skill level 9 in Unarmed Combat
  4088 | D:5      | Found a sparkling altar of Nemelex Xobeh.
  4089 | D:5      | Found a radiant altar of Vehumet.
  4089 | D:5      | Found a snail-covered altar of Cheibriados.
  4090 | D:5      | Found a shimmering altar of Xom.
  4138 | D:5      | Found an ancient bone altar of Kikubaaqudgha.
  4258 | D:5      | Gained mutation: You sometimes lose your temper in combat.
                  | [potion of mutation]
  4258 | D:5      | Lost mutation: You sometimes lose your temper in combat.
                  | [potion of mutation]
  4258 | D:5      | Gained mutation: Your spells are a little harder to cast,
                  | but a little more powerful. [potion of mutation]
  4808 | D:6      | Found a shadowy altar of Dithmenos.
  4923 | D:6      | Reached skill level 10 in Unarmed Combat
  5069 | D:6      | Reached XP level 9. HP: 69/89 MP: 8/8
  5705 | D:6      | Reached **** piety under Trog
  5928 | D:7      | Found a runed translucent door.
  6028 | D:7      | Lost mutation: Your spells are a little harder to cast, but
                  | a little more powerful. [potion of mutation]
  6028 | D:7      | Gained mutation: You have a pair of small horns on your
                  | head. [potion of mutation]
  6028 | D:7      | Gained mutation: Armour fits poorly on your strangely
                  | shaped body. [potion of mutation]
  6028 | D:7      | Gained mutation: You have large cloven feet. [potion of
                  | mutation]
  6028 | D:7      | Gained mutation: You are resistant to electric shocks.
                  | (rElec) [potion of mutation]
  6213 | D:7      | Reached skill level 11 in Unarmed Combat
  6304 | D:7      | Noticed Joseph
  6317 | D:7      | Killed Joseph
  6798 | D:7      | Noticed lunkers's ghost (novice MeWn)
  6940 | D:8      | Found a broken altar of Ashenzari.
  6945 | D:8      | Found a glowing silver altar of Zin.
  6945 | D:8      | Found a sacrificial altar of Ru.
  6999 | D:8      | Found a basalt altar of Yredelemnul.
  7106 | D:8      | Found Firesemo's Book Boutique.
  7430 | D:9      | Found a flagged portal.
  7449 | Bailey   | Entered a bailey
  7538 | Bailey   | Reached skill level 12 in Unarmed Combat
  7589 | Bailey   | Reached XP level 10. HP: 102/102 MP: 9/9
  7591 | Bailey   | Reached ***** piety under Trog
  7803 | Bailey   | Noticed an orc warlord
  7803 | Bailey   | Noticed an orc knight
  7815 | Bailey   | Killed an orc knight
  7823 | Bailey   | Killed an orc warlord
  7824 | Bailey   | Reached skill level 13 in Unarmed Combat
  7848 | Bailey   | Identified the +1 leather armour "Cemaosm" {-Cast rPois
                  | Str-3 Dex+4}
  7869 | Bailey   | Reached skill level 15 in Unarmed Combat
  7869 | Bailey   | Reached XP level 11. HP: 115/115 MP: 10/10
  8651 | D:10     | Entered Level 10 of the Dungeon
  8792 | D:10     | Found a staircase to the Lair.
  8814 | D:10     | Found a hide-covered altar of Uskayaw.
  8977 | D:10     | Found a white marble altar of Elyvilon.
  9773 | D:4      | Noticed Natasha
  9776 | D:4      | Killed Natasha
 10030 | D:1      | Bought a scroll of acquirement for 520 gold pieces
 10030 | D:1      | Acquired the +2 cloak "Weryat" {*Slow Str+5 Dex+10}
 10294 | D:11     | Noticed a two-headed ogre
 10298 | D:11     | Killed a two-headed ogre
 10533 | D:11     | Found a portal to a secret trove of treasure.
 10683 | D:11     | Found Bulas's Antique Armour Emporium.
 10969 | D:11     | Bought an embroidered robe for 118 gold pieces
 10969 | D:11     | Bought an embroidered robe for 118 gold pieces
 11193 | D:12     | HP: 3/117 [enormous slime creature (80)]
 11195 | D:12     | Noticed a catoblepas
 11195 | D:12     | Noticed a centaur warrior
 11195 | D:12     | Noticed a cyan ugly thing
 11195 | D:12     | Noticed a boulder beetle
 11204 | D:12     | HP: 4/117 [manticore/volley of spikes (8)]
 11210 | D:12     | Killed from afar by a manticore

Illustrated notes

Levels and vault maps discovered:
D:1:      dpeg_arrival_rhombus, layout_rooms, serial_shops, shop
D:2:      layout_basic, hellmonk_ecumenical_altar_leap_of_faith
D:3:      layout_loops_corners, uniq_jessica
D:4:      layout_loops_corners, serial_demonic, serial_demonic_f,
          serial_demonic_c, serial_demonic_a, serial_demonic_f,
          serial_demonic_e, serial_demonic_d, ebering_ghost_disaster_area,
          nicolae_kite_square_tiling_tiny, minmay_distorted,
          uniq_crazy_yiuf_cottage, uniq_edmund, uniq_grinder, uniq_natasha
D:5:      layout_cave_pods, kennysheep_vampire_church,
          chequers_temple_overflow_statue_of_worship,
          minmay_temple_entry_slanted, uniq_prince_ribbit1
D:6:      layout_basic, grunt_dithmenos_smoke_and_mirrors, nicolae_hexahallways,
          dk_rats_in_the_wall
D:7:      layout_basic, ebering_ghost_reflecting_pool, uniq_joseph
D:8:      layout_rooms, grunt_temple_overflow_open, serial_shops,
          nicolae_shop_advertising_works [nicolae_subvault_shop_adworks]
D:9:      layout_stronghold, enter_bailey_2, serial_bayou_crossing
D:10:     layout_gridville, mainiacjoe_overflow_concentric_impassable,
          mainiacjoe_overflow_24_doors, lair_entry_dummy, solitary_fountain
D:11:     layout_roguey, enter_trove_6, serial_shops,
          nicolae_inconvenience_store
D:12:     layout_roguey, orc_0_dummy, minmay_checkered_concentric_circles

Skill      XL: |  1  2  3  4  5  6  7  8  9 10 |
---------------+-------------------------------+-----
Unarmed Combat | 4 5 6 8 10 12 15 | 15.9
Fighting       | 3 4 5 6 7 9 |  9.9
Dodging        | |  2.4

Action                   |  1- 3 |  4- 6 |  7- 9 | 10-12 || total
-------------------------+-------+-------+-------+-------++-------
Melee: Unarmed           |    61 |   179 |   302 |   161 ||   703
       Punch             |     2 |     2 |    10 |    11 ||    25
       Kick              |       |       |    21 |    35 ||    56
       Headbutt          |       |       |    10 |    24 ||    34
Invok: Trog's Hand       |       |     1 |       |       ||     1
       Berserk           |       |     2 |    14 |     2 ||    18
       Brothers in Arms  |       |       |       |     1 ||     1
  Use: Scroll            |     2 |     5 |    10 |     8 ||    25
       Potion            |       |     1 |     2 |     9 ||    12
 Stab: Invisible         |       |       |       |     2 ||     2
Armor: Animal skin       |    16 |    94 |    95 |    46 ||   251
       Robe              |       |       |       |    11 ||    11
Dodge: Dodged            |    34 |   121 |   131 |    63 ||   349

Table legend: (Time is in decaauts)
 A = Elapsed time spent in this place.
 B = Non-inter-level travel time spent in this place.
 C = Inter-level travel time spent in this place.
 D = Time resting spent in this place.
 E = Time spent auto-exploring this place.
 F = Levels seen in this place.
 G = Mean time per level.
                   A        B        C        D        E       F      G
               +--------+--------+--------+--------+--------+-----+--------+
         Total |  11277 |  10429 |    848 |   1581 |   6878 |  13 |  867.5 |
       Dungeon |  10838 |   9990 |    848 |   1501 |   6825 |  12 |  903.2 |
        Bailey |    439 |    439 |      0 |     80 |     53 |   1 |  439.0 |
               +--------+--------+--------+--------+--------+-----+--------+

Top non-repeatable levels by time:
     D:4: 1961 daAuts
     D:5: 1125 daAuts
     D:7: 1112 daAuts
     D:6: 1077 daAuts
    D:10: 1063 daAuts
     D:2: 880 daAuts
     D:9: 855 daAuts
    D:11: 849 daAuts
     D:3: 793 daAuts
     D:8: 556 daAuts
     D:1: 458 daAuts
  Bailey: 439 daAuts
    D:12: 104 daAuts
